AoeStats
← 十大地方

Nomad

510775555Analyzed
4v4 RM · 15h ago on Oct 2, 2026· 35m 36s· 8 players
Game mode
Random Map
Map size
231×231
Population
200
Speed
Normal
Resources
Standard
Victory
Conquest
Starting age
Dark Age
Ending age
Imperial Age
RankedLock teamsTeams togetherTeam positionsShared explorationLock speedFull tech treeHidden civsTurbo modeCheats
Victory
Defeat
🇬🇧 Muisca · United Kingdom
1790
+9
🇭🇰 Gurjaras · Hong Kong SAR China
1783
+9
🇭🇰 Romans · Hong Kong SAR China
1721
+11
🇭🇰 Maya · Hong Kong SAR China
1710
+12
🇨🇳 Sicilians · China
1738
-14
🇧🇪 Khmer · Belgium
1665
-11
🇩🇪 Berbers · Germany
1601
-10
🇬🇧 Tatars · United Kingdom
1486
-6
Mehere
4:38 Loom
13:15 Feudal Age
16:14 Castle Age
16:34 Demolition Ship
18:27 Medium Warships
milopokerboy
4:44 Loom
14:58 Feudal Age
20:43 Castle Age
18:39 Fletching
19:28 Padded Archer Armor
20:46 Bloodlines
21:56 Gold Mining
23:44 Bodkin Arrow
25:07 Husbandry
25:24 Leather Archer Armor
33:22 Double-Bit Axe
35:04 Ballistics
35:12 Bow Saw
Hommi
4:02 Loom
14:39 Feudal Age
20:56 Castle Age
20:15 Gold Mining
20:32 Double-Bit Axe
20:29 Horse Collar
29:23 Wheelbarrow
29:37 Fletching
30:17 Bodkin Arrow
30:58 Bloodlines
33:12 Husbandry
34:18 Town Watch
34:48 Hand Cart
十大地方
13:18 Feudal Age
18:02 Castle Age
15:50 Loom
18:05 Castle Age
16:15 Fletching
17:12 Double-Bit Axe
17:18 Gold Mining
19:34 Bow Saw
30:02 Wheelbarrow
29:14 Town Watch
29:27 Horse Collar
30:05 Bloodlines
29:55 Husbandry
30:50 Fervor
31:47 Scale Barding Armor
31:48 Devotion
32:21 Husbandry
33:29 Forging
MJAI
2:59 Loom
13:54 Feudal Age
17:35 Castle Age
15:55 Double-Bit Axe
18:38 Bow Saw
18:51 Medium Warships
21:54 Clinker Construction
23:01 Wheelbarrow
24:06 Town Watch
24:11 Fishing Lines
25:34 Stone Mining
25:34 Gold Mining
25:49 Horse Collar
27:25 Gillnets
29:55 Hand Cart
30:57 Heavy Plow
31:03 Scale Mail Armor
33:38 Imperial Age
32:20 Chain Mail Armor
32:16 Forging
32:05 Eagle Warrior
32:46 Squires
32:32 Arson
33:35 Stone Shaft Mining
34:45 Iron Casting
34:01 Elite Eagle Warrior
35:28 Plate Mail Armor
hide1914
14:16 Feudal Age
14:35 Loom
15:30 Double-Bit Axe
18:22 Castle Age
16:11 Fishing Lines
18:14 Forging
19:00 Gold Mining
19:39 Bow Saw
19:09 Horse Collar
19:29 Gillnets
20:34 Scale Barding Armor
21:59 Heavy Plow
24:39 Husbandry
25:12 Chain Barding Armor
26:00 Wheelbarrow
25:48 Bloodlines
26:46 Iron Casting
29:28 Hand Cart
LamarcusLawliet
12:11 Feudal Age
12:30 Loom
13:29 Loom
13:32 Town Watch
16:27 Castle Age
14:50 Fishing Lines
16:09 Forging
17:35 Loom
18:27 Wheelbarrow
17:53 Fletching
18:17 Bloodlines
18:16 Double-Bit Axe
19:54 Gold Mining
21:46 Bodkin Arrow
22:25 Padded Archer Armor
22:33 Husbandry
23:30 Gillnets
25:51 Horse Collar
26:41 Scale Barding Armor
27:17 Iron Casting
31:12 Chain Barding Armor
33:04 Gold Shaft Mining
DuperRandomShan
4:23 Loom
12:43 Feudal Age
13:39 Town Watch
13:41 Double-Bit Axe
23:52 Scale Mail Armor
28:40 Fishing Lines
31:54 Castle Age
30:23 Gold Mining
30:50 Horse Collar
32:05 Stone Mining
32:01 Pikeman
32:46 Fletching
33:14 Chain Mail Armor
33:36 Guard Tower
34:30 Bodkin Arrow
35:12 Bow Saw
35:48 Ballistics
35:26 Treadmill Crane
Connection lost

Rejoining the realm…

Still unreachable

The connection could not be restored.

Session expired

The server has moved on; the page needs a fresh start.